 Dungeon Crawl Stone Soup version 0.23.2-11-gf996548c65 (webtiles) character file.

Game seed: 2852982955774699961

70321 fuschia the Martial Artist (level 15, -1/124 HPs)
             Began as an Octopode Transmuter on June 4, 2019.
             Was a High Priest of Okawaru.
             Slain by an ettin
             ... wielding a +0 dire flail of draining
              (32 damage)
             ... on level 2 of the Orcish Mines.
             The game lasted 02:06:44 (29486 turns).

fuschia the Martial Artist (Octopode Transmuter)   Turns: 29486, Time: 02:06:45

Health: -1/124     AC: 26    Str: 11    XL:     15   Next: 32%
Magic:  30/36      EV: 18    Int: 17    God:    Okawaru [*****.]
Gold:   1531       SH:  0    Dex: 25    Spells: 4/30 levels left

rFire    . . .     SeeInvis +     - Unarmed
rCold    . . .     Gourm    .   (no shield)
rNeg     + . .     Faith    .   K - +2 hat {MR+}
rPois    ∞         Spirit   .   h - amulet of the acrobat
rElec    +         Reflect  .   i - +5 ring of dexterity
rCorr    +         Harm     .   Q - ring of wizardry
MR       ++...     Clarity  +   v - ring "Tenaj" {SInv Stlth+}
Stlth    +++++.....             R - ring of resist corrosion
HPRegen  0.30/turn              L - ring of magical power
MPRegen  0.25/turn              (no ring)
                                (no ring)
                                (no ring)

@: confusing touch, statue-form, heavily drained, very slow
A: almost no armour, stealthy swim, amphibious, 8 rings, constrict 8, camouflage
1, agile 1, clarity, clever 1
a: End Transformation, Heroism, Finesse, Renounce Religion


You were on level 2 of the Orcish Mines.
You worshipped Okawaru.
Okawaru was extremely pleased with you.
You were not hungry.
You were a stone statue.
You visited 4 branches of the dungeon, and saw 22 of its levels.
You also visited: Volcano.

You collected 2506 gold pieces.
You spent 975 gold pieces at shops.

Inventory:

Hand Weapons
 G - the +6 mace "Jeyf" {drain, rF+}
   (You found it on level 9 of the Dungeon)

   A truly terrible weapon, it drains the life of those it strikes.
   It protects you from fire.
 M - the +8 trident of Coirph {pierce, +Rage Dex+4}
   (You found it on level 5 of the Lair of Beasts)

   It inflicts extra damage upon your enemies.
   It affects your dexterity (+4).
   It lets you go berserk.
Missiles
 a - 237 arrows
 B - 3 throwing nets (quivered)
 J - 5 steel tomahawks
Armour
 l - a +3 buckler of protection
 K - a +2 hat of magic resistance (worn)
Jewellery
 h - an amulet of the acrobat (around mantle)
 i - a +5 ring of dexterity (left tentacle)
 j - an uncursed amulet of regeneration
 v - the ring "Tenaj" (on tentacle) {SInv Stlth+}
   (You found it on level 13 of the Dungeon)

   [ring of stealth]

   It lets you see invisible.
   It makes you more stealthy.
 y - a +2 amulet of reflection
 L - a ring of magical power (on tentacle)
 Q - a ring of wizardry (right tentacle)
 R - a ring of resist corrosion (on tentacle)
Wands
 m - a wand of disintegration (28)
 o - a wand of random effects (20)
 x - a wand of flame (49)
 z - a wand of polymorph (9)
 C - a wand of clouds (4)
 E - a wand of digging (5)
 I - a wand of paralysis (6)
 N - a wand of acid (4)
 P - a wand of iceblast (28)
Scrolls
 e - 10 scrolls of teleportation
 n - 3 scrolls of amnesia
 q - 8 scrolls of remove curse
 r - 4 scrolls of magic mapping
 s - 2 scrolls of fog
 D - a scroll of silence
 H - 4 scrolls of enchant weapon
Potions
 b - 2 potions of mutation
 d - 7 potions of curing
 f - a potion of magic
 k - a potion of lignification
 p - 4 potions of haste
 t - 4 potions of agility
 u - 2 potions of might
 w - 5 potions of brilliance
Miscellaneous
 g - a lamp of fire
 S - a sack of spiders
Comestibles
 c - 30 rations
 A - 14 chunks of flesh


   Skills:
 + Level 6.9(5.6) Fighting
 * Level 7.6(6.3) Dodging
 - Level 3.1(2.0) Stealth
 - Level 4.0(2.8) Shields
 + Level 13.9(12.4) Unarmed Combat
 + Level 8.0(6.6) Spellcasting
 - Level 1.3(0.2) Hexes
 - Level 4.0(2.9) Summonings
 + Level 10.1(8.7) Transmutations
 - Level 7.4(6.1) Ice Magic
 - Level 11.0(9.5) Earth Magic
 - Level 4.0(2.8) Poison Magic
 - Level 7.1(5.8) Invocations


You had 4 spell levels left.
You knew the following spells:

 Your Spells              Type           Power        Failure   Level  Hunger
a - Beastly Appendage     Tmut           #####.       1%          1    None
b - Sticks to Snakes      Tmut           #####...     1%          2    None
c - Spider Form           Tmut/Pois      ####......   1%          3    ##.....
d - Ice Form              Ice/Tmut       ####....     2%          4    ####...
e - Statue Form           Tmut/Erth      #####....    17%         6    #######
f - Confusing Touch       Hex            #.....       4%          1    None
g - Summon Ice Beast      Ice/Summ       ###.....     8%          4    ####...
h - Blade Hands           Tmut           #####.....   4%          5    #####..

Your spell library contained the following spells:

 Spells                   Type           Power        Failure   Level  Hunger
 Freeze                   Ice            ####         1%          1    None
 Summon Small Mammal      Summ           ###.         1%          1    None
 Passwall                 Tmut/Erth      #####...     1%          2    None
 Petrify                  Tmut/Erth      #####...     1%          4    ####...
 Throw Frost              Conj/Ice       ###...       2%          2    None
 Animate Skeleton         Necr           N/A          4%          1    None
 Apportation              Tloc           #.....       4%          1    None
 Flame Tongue             Conj/Fire      #....        4%          1    None
 Ozocubu's Armour         Chrm/Ice       ###.....     4%          3    ##.....
 Swiftness                Chrm/Air       #.......     8%          2    None
 Throw Flame              Conj/Fire      #.....       8%          2    None
 Confuse                  Hex            #.......     13%         3    ##.....
 Conjure Flame            Conj/Fire      #.......     14%         3    ##.....
 Gell's Gravitas          Tloc           #.........   14%         3    ##.....
 Inner Flame              Hex/Fire       #.......     14%         3    ##.....
 Throw Icicle             Conj/Ice       ###.....     14%         4    ####...
 Passage of Golubria      Tloc           N/A          41%         4    ####...
 Sticky Flame             Conj/Fire      #.......     41%         4    ####...
 Lee's Rapid Deconstruct  Erth           #####.....   2%          5    #####..
 Yara's Violent Unravell  Hex/Tmut       ###.......   21%         5    #####..
 Hydra Form               Tmut           #####.....   21%         6    #######
 Irradiate                Conj/Tmut      ###.......   22%         5    #####..
 Metabolic Englaciation   Hex/Ice        ###.......   32%         5    #####..
 Dragon Form              Tmut           #####.....   71%         7    #######
 Fireball                 Conj/Fire      #.........   75%         5    #####..
 Darkness                 Hex            #.........   99%         6    #######
 Invisibility             Hex            #.......     99%         6    #######


Dungeon Overview and Level Annotations

Branches:
Dungeon (13/15)            Temple (1/1) D:6            Lair (6/6) D:9
  Swamp (0/4) Lair:4        Snake (0/4) Lair:2        Slime (0/5) Lair:5
    Orc (2/2) D:11            Elf (0/3) Orc:2        Vaults (0/5) D:13

Altars:
Ashenzari
Cheibriados
Elyvilon
Fedhas
Kikubaaqudgha
Makhleb
Okawaru
Qazlal
Sif Muna
Trog
Vehumet
Xom
Yredelemnul
Zin
The Shining One
Beogh

Shops:
D:9 :   Orc:1 ?   Orc:2 [

Annotations:
D:3 1 runed translucent door, 2 exclusions, Crazy Yiuf
D:5 exclusion: downstairs
D:7 3 runed translucent doors, Borgoz's ghost, novice GrGl
D:8 exclusion: 2 downstairs
D:9 exclusion: downstairs
D:11 exclusion: ugly thing
D:12 exclusion: 2 downstairs
D:13 3 runed translucent doors, Rupert; shugdite's ghost, journeyman MiMo
Lair:5 exclusion: 2 downstairs


Innate Abilities, Weirdness & Mutations

You cannot wear most types of armour.
You are very stealthy in the water. (Stealth+)
You are amphibious.
You can wear up to eight rings at the same time.
You can use your tentacles to constrict eight enemies at once.
Your skin changes colour to match your surroundings (Stealth+).
((Your rubbery body absorbs attacks. (AC +1, EV +1)))
You are agile. (Dex +2)
You possess an exceptional clarity of mind.
Your mind is acute. (Int +2)


Message History

You warm up again.
Your +2 hat of magic resistance unmelds from your body.
You feel resistant to hostile enchantments.
Things that are here:
a +0 flail; an orc corpse
Casting: Ice Form (safe; 1% risk of failure)
Confirm with . or Enter, or press ? or * to list all spells.
Your tentacles begin to glow red.
The ettin hits you with a +0 dire flail of draining!
You feel drained.
The ettin hits you with a +0 dire flail!!
Casting: Confusing Touch (safe; 4% risk of failure)
Confirm with . or Enter, or press ? or * to list all spells.
You turn into a living statue of rough stone.
The ettin hits you but does no damage.
The ettin hits you with a +0 dire flail!!
* * * LOW HITPOINT WARNING * * *
You tentacle-slap the ettin but do no damage.
The ettin hits you with a +0 dire flail of draining!!
You die...

## ### ##.##....
......... ....C....
#####........
#.)8#........ #
#._C#......... #.
#...'....^....
##.#####..........
#.................
..................
...................
............#.......
....................


You could see an ettin.

Vanquished Creatures
  Kirke (Lair:6)
  An orc warlord (Orc:1)
  Nessos (D:13)
  2 entropy weavers (Lair:4)
  A fire dragon (Volcano)
  8 hydras
  3 catoblepae (Lair:6)
  8 two-headed ogres
  7 death yaks (Lair:6)
  A queen ant (Lair:4)
  2 unseen horrors
  Pikel (D:6)
  An ugly thing (D:11)
  4 orc knights
  2 orc sorcerers (Orc:1)
  2 manticores (Lair:6)
  2 cyclopes
  4 oklob plants (Lair:6)
  3 salamanders (Volcano)
  2 centaur zombies (D:12)
  5 elephants
  4 black mambas
  9 spiny frogs
  A gargoyle (D:10)
  A kobold demonologist (D:11)
  2 rime drakes
  2 komodo dragons (Lair:6)
  A queen bee (Lair:3)
  2 trolls (Orc:1)
  Grinder (D:3)
  A polar bear (Lair:3)
  3 hippogriffs
  8 dream sheep
  8 blink frogs
  Sigmund (D:2)
  2 wraiths
  4 wyverns (Volcano)
  14 humans (D:13)
  6 fire bats (Volcano)
  36 yaks
  A fire elemental (D:13)
  4 hogs (Lair:6)
  A steam dragon (Volcano)
  4 vampire mosquitoes (D:13)
  5 wargs
  9 soldier ants
  2 acid dragons
  Duvessa (D:6)
  6 porcupines
  A hell hound (D:13)
  23 orc warriors
  7 water moccasins
  2 ice beasts
  2 sky beasts
  A black bear (D:10)
  A phantom (D:4)
  17 ogres
  3 necrophages
  5 centaurs
  12 crocodiles
  3 big kobolds
  10 bullfrogs
  A gnoll sergeant (Orc:2)
  Dowan (D:6)
  3 scorpions
  A wyvern skeleton (D:12)
  25 killer bees
  14 wights
  8 crimson imps
  A quasit (D:6)
  A bullfrog zombie (D:11)
  8 hounds
  A bullfrog skeleton (D:6)
  3 jellies
  3 centaur skeletons
  20 orc priests
  31 orc wizards
  Ijyb (D:3)
  25 worker ants
  6 iguanas
  A hound zombie (D:6)
  A hound skeleton (D:9)
  Robin (D:3)
  A howler monkey zombie (D:5)
  A worker ant zombie (D:6)
  3 gnolls (Orc:1)
  6 adders
  3 shadow imps
  2 oozes
  An adder zombie (D:9)
  2 worms
  4 dart slugs
  4 leopard geckos
  90 orcs
  4 giant cockroaches
  11 goblins
  14 hobgoblins
  6 jackals
  20 kobolds
  7 quokkas
  3 ball pythons
  7 bats
  5 frilled lizards
  5 rats
  4 plants (Lair:6)
646 creatures vanquished.

Vanquished Creatures (collateral kills)
  A hydra (Lair:6)
  An orc sorcerer (Orc:1)
  A fire bat (Volcano)
3 creatures vanquished.

Vanquished Creatures (others)
  3 humans (Lair:6)
  Edmund (D:6)
  A slave (D:6)
  8 fungi
  16 plants
29 creatures vanquished.

Grand Total: 678 creatures vanquished

Notes
Turn   | Place    | Note
-------+----------+-------------------------------------------
     0 | D:1      | fuschia the Octopode Transmuter began the quest for the
                  | Orb.
     0 | D:1      | Reached XP level 1. HP: 13/13 MP: 3/3
    79 | D:1      | Reached XP level 2. HP: 1/18 MP: 3/5
   363 | D:1      | Learned a level 2 spell: Sticks to Snakes
  1452 | D:1      | Reached XP level 3. HP: 23/23 MP: 6/6
  1457 | D:1      | Learned a level 3 spell: Spider Form
  2122 | D:2      | Found a shimmering altar of Xom.
  2319 | D:2      | Noticed Sigmund
  2333 | D:2      | Killed Sigmund
  2333 | D:2      | Reached skill level 4 in Unarmed Combat
  2333 | D:2      | Reached XP level 4. HP: 22/28 MP: 4/7
  2333 | D:2      | Reached XP level 5. HP: 26/33 MP: 4/8
  2595 | D:2      | Reached XP level 6. HP: 35/38 MP: 7/9
  2836 | D:2      | Learned a level 4 spell: Ice Form
  2959 | D:3      | Noticed Grinder
  2986 | D:3      | Reached skill level 5 in Unarmed Combat
  2998 | D:3      | Killed Grinder
  2998 | D:3      | Reached XP level 7. HP: 21/44 MP: 8/11
  3225 | D:3      | Noticed Robin
  3247 | D:3      | Killed Robin
  3316 | D:3      | Noticed Ijyb
  3593 | D:3      | Found a runed translucent door.
  3594 | D:3      | Noticed Crazy Yiuf
  3726 | D:3      | Killed Ijyb
  4293 | D:4      | Reached skill level 6 in Unarmed Combat
  4524 | D:4      | Reached XP level 8. HP: 34/50 MP: 10/13
  4865 | D:5      | Entered Level 5 of the Dungeon
  5415 | D:5      | Found the +2 robe of Vines {NoPotionHeal Regen+7}
  5881 | D:6      | Found a staircase to the Ecumenical Temple.
  5881 | D:6      | Noticed Dowan
  5964 | D:6      | Reached skill level 1 in Ice Magic
  5979 | D:6      | Reached skill level 7 in Unarmed Combat
  6041 | D:6      | Noticed Pikel
  6050 | D:6      | Noticed Edmund
  6064 | D:6      | Killed Pikel
  6064 | D:6      | Reached XP level 9. HP: 40/56 MP: 12/16
  6089 | D:6      | Killed Edmund
  6203 | D:6      | Noticed Duvessa
  6258 | D:6      | Found a blossoming altar of Fedhas.
  6261 | D:6      | Reached skill level 5 in Transmutations
  6324 | Temple   | Entered the Ecumenical Temple
  6347 | Temple   | Became a worshipper of Warmaster Okawaru
  6428 | D:6      | Gained mutation: You expend magic power (3 MP) to
                  | strengthen your wands. [potion of mutation]
  6428 | D:6      | Gained mutation: One of your tentacles bears a spike.
                  | [potion of mutation]
  6517 | D:5      | Lost mutation: One of your tentacles bears a spike. [potion
                  | of mutation]
  6517 | D:5      | Lost mutation: You expend magic power (3 MP) to strengthen
                  | your wands. [potion of mutation]
  6517 | D:5      | Gained mutation: Your spells are a little easier to cast,
                  | but a little less powerful. [potion of mutation]
  6517 | D:5      | Gained mutation: Potions are less effective at restoring
                  | your health. [potion of mutation]
  6517 | D:5      | Gained mutation: Your system is resistant to poisons.
                  | (rPois) [potion of mutation]
  6518 | D:5      | Lost mutation: Your system is resistant to poisons. (rPois)
                  | [potion of mutation]
  6518 | D:5      | Lost mutation: Your spells are a little easier to cast, but
                  | a little less powerful. [potion of mutation]
  6518 | D:5      | Gained mutation: Your skin blends seamlessly with your
                  | surroundings (Stealth++). [potion of mutation]
  6519 | D:5      | Lost mutation: Potions are less effective at restoring your
                  | health. [potion of mutation]
  6519 | D:5      | Lost mutation: Your skin blends seamlessly with your
                  | surroundings (Stealth++). [potion of mutation]
  6519 | D:5      | Gained mutation: One of your tentacles bears a spike.
                  | [potion of mutation]
  6519 | D:5      | Gained mutation: Your natural rate of healing is unusually
                  | fast. [potion of mutation]
  6520 | D:5      | Lost mutation: One of your tentacles bears a spike. [potion
                  | of mutation]
  6520 | D:5      | Lost mutation: Your natural rate of healing is unusually
                  | fast. [potion of mutation]
  6520 | D:5      | Gained mutation: You possess an exceptional clarity of
                  | mind. [potion of mutation]
  6520 | D:5      | Gained mutation: You are agile. (Dex +2) [potion of
                  | mutation]
  6520 | D:5      | Gained mutation: Your mind is acute. (Int +2) [potion of
                  | mutation]
  6561 | D:6      | Killed Duvessa
  6583 | D:6      | Killed Dowan
  6882 | D:7      | Reached skill level 5 in Spellcasting
  7815 | D:7      | Reached * piety under Okawaru
  7838 | D:7      | Reached skill level 5 in Ice Magic
  7976 | D:7      | Found a runed translucent gate.
  7976 | D:7      | Found a runed translucent gate.
  7976 | D:7      | Found a runed translucent gate.
  7976 | D:7      | Noticed Borgoz's ghost (novice GrGl)
  8005 | D:7      | Reached skill level 1 in Invocations
  8380 | D:7      | Reached XP level 10. HP: 63/63 MP: 9/18
  8705 | D:8      | Noticed a two-headed ogre
  8742 | D:8      | Killed a two-headed ogre
  8742 | D:8      | Reached skill level 8 in Unarmed Combat
  9297 | D:8      | Reached ** piety under Okawaru
  9889 | D:9      | Got an encrusted mace
  9910 | D:9      | Noticed a two-headed ogre
 10016 | D:9      | Found a staircase to the Lair.
 10390 | D:9      | Learned a level 3 spell: Ozocubu's Armour
 10405 | D:9      | Killed a two-headed ogre
 10481 | D:9      | Reached skill level 9 in Unarmed Combat
 11065 | D:9      | Found Etock's Book Emporium.
 11073 | D:9      | Bought a book of Misfortune for 260 gold pieces
 11075 | D:9      | Learned a level 1 spell: Confusing Touch
 11383 | D:10     | Entered Level 10 of the Dungeon
 11387 | D:10     | Noticed a two-headed ogre
 11650 | D:10     | Noticed a two-headed ogre
 11680 | D:10     | Noticed a gargoyle
 11759 | D:10     | Reached XP level 11. HP: 27/68 MP: 16/20
 12549 | D:10     | Reached skill level 1 in Hexes
 12578 | D:10     | Reached *** piety under Okawaru
 13053 | D:10     | Killed a two-headed ogre
 13053 | D:10     | Reached skill level 10 in Unarmed Combat
 13426 | D:10     | Killed a two-headed ogre
 13882 | D:11     | Learned a level 4 spell: Summon Ice Beast
 13892 | D:11     | Reached **** piety under Okawaru
 14094 | D:11     | Noticed a purple ugly thing
 14118 | D:11     | Killed a purple ugly thing
 14392 | D:11     | Noticed an unseen horror
 14399 | D:11     | Killed an unseen horror
 14399 | D:11     | Reached skill level 1 in Summonings
 14495 | D:11     | Found a staircase to the Orcish Mines.
 14678 | D:11     | Identified the +6 mace "Jeyf" {drain, rF+} (You found it on
                  | level 9 of the Dungeon)
 14684 | D:11     | Found a roughly hewn altar of Beogh.
 14900 | D:11     | Noticed a two-headed ogre
 14908 | D:11     | Killed a two-headed ogre
 14913 | D:11     | Reached skill level 11 in Unarmed Combat
 15223 | D:11     | Reached ***** piety under Okawaru
 15277 | D:11     | Noticed an eight-headed hydra
 15286 | D:11     | Killed an eight-headed hydra
 15319 | D:11     | Noticed a brown ugly thing
 15929 | D:12     | Reached skill level 1 in Stealth
 16044 | D:12     | Reached skill level 5 in Dodging
 16044 | D:12     | Reached XP level 12. HP: 75/75 MP: 17/22
 16989 | D:13     | Found a gate to the Vaults.
 16989 | D:13     | Noticed Nessos
 16989 | D:13     | Noticed Rupert
 17141 | D:13     | Killed Nessos
 17454 | D:13     | Got a scintillating amber ring
 17455 | D:13     | Identified the ring "Tenaj" {SInv Stlth+} (You found it on
                  | level 13 of the Dungeon)
 17479 | D:13     | Found a runed translucent gate.
 17479 | D:13     | Found a runed translucent gate.
 17480 | D:13     | Found a runed translucent gate.
 17485 | D:13     | Received a gift from Okawaru
 17544 | D:13     | HP: 3/90 [orc knight/+0 battleaxe (25)]
 18009 | D:13     | Reached skill level 1 in Shields
 18303 | D:13     | Noticed an ice dragon
 18303 | D:13     | Noticed shugdite's ghost (journeyman MiMo)
 18782 | Lair:1   | Entered Level 1 of the Lair of Beasts
 18782 | Lair:1   | Noticed a four-headed hydra
 18791 | Lair:1   | Killed a four-headed hydra
 18791 | Lair:1   | Reached skill level 5 in Invocations
 20048 | Lair:2   | Reached skill level 12 in Unarmed Combat
 20466 | Lair:2   | Found a staircase to the Snake Pit.
 20582 | Lair:3   | Reached XP level 13. HP: 50/81 MP: 15/24
 20588 | Lair:3   | Reached skill level 5 in Fighting
 20810 | Lair:3   | Found a dark tunnel.
 20880 | Volcano  | Entered a volcano
 20913 | Volcano  | Learned a level 5 spell: Blade Hands
 20937 | Volcano  | Received a gift from Okawaru
 21736 | Volcano  | Noticed a fire dragon
 21746 | Volcano  | Killed a fire dragon
 22838 | D:9      | Bought a book of Transfigurations for 715 gold pieces
 22846 | D:9      | Learned a level 6 spell: Statue Form
 22994 | Lair:4   | Noticed an entropy weaver
 23003 | Lair:4   | Noticed an entropy weaver
 23016 | Lair:4   | Killed an entropy weaver
 23016 | Lair:4   | Reached skill level 13 in Unarmed Combat
 23053 | Lair:4   | Reached skill level 1 in Earth Magic
 23239 | Lair:4   | Killed an entropy weaver
 23367 | Lair:4   | Received a gift from Okawaru
 23727 | Lair:4   | Reached XP level 14. HP: 90/90 MP: 14/26
 24042 | Lair:4   | Found a staircase to the Swamp.
 24284 | Lair:4   | Reached skill level 10 in Transmutations
 24960 | Lair:5   | Found a staircase to the Slime Pits.
 25084 | Lair:5   | Got a dazzling trident
 25095 | Lair:5   | Identified the +8 trident of Coirph {pierce, +Rage Dex+4}
                  | (You found it on level 5 of the Lair of Beasts)
 25567 | Lair:6   | Entered Level 6 of the Lair of Beasts
 25920 | Lair:6   | Noticed Kirke
 25955 | Lair:6   | Killed Kirke
 25955 | Lair:6   | Received a gift from Okawaru
 25955 | Lair:6   | Reached skill level 5 in Earth Magic
 27673 | Lair:6   | Reached skill level 10 in Earth Magic
 27683 | Lair:6   | Reached XP level 15. HP: 96/96 MP: 27/27
 28047 | Orc:1    | Entered Level 1 of the Orcish Mines
 28067 | Orc:1    | Paralysed by an orc sorcerer for 3 turns
 28150 | Orc:1    | Found Gammoebb's Magic Scroll Boutique.
 28404 | Orc:1    | Found a roughly hewn altar of Beogh.
 28463 | Orc:1    | Noticed an orc warlord
 28485 | Orc:1    | Killed an orc warlord
 28485 | Orc:1    | Received a gift from Okawaru
 28689 | Orc:1    | Got an ichor-stained longbow {god gift}
 28695 | Orc:1    | Identified the +8 longbow of Propriety {flame, *Drain rN+
                  | Str+5 Int+3} (Okawaru gifted it to you on level 1 of the
                  | Orcish Mines)
 28837 | Orc:2    | Entered Level 2 of the Orcish Mines
 28837 | Orc:2    | Found a staircase to the Elven Halls.
 29351 | Orc:2    | Found a roughly hewn altar of Beogh.
 29374 | Orc:2    | Found Mebitul's Armour Shop.
 29476 | Orc:2    | Found a roughly hewn altar of Beogh.
 29486 | Orc:2    | Slain by an ettin

Skill      XL: |  1  2  3  4  5  6  7  8  9 10 11 12 13 14 15 |
---------------+----------------------------------------------+-----
Unarmed Combat | 4 5 6 7 9 11 12 13 | 13.9
Poison Magic   | 2 3 4 |  4.0
Dodging        | 3 4 5 6 7 |  7.6
Fighting       | 2 3 4 6 |  6.9
Spellcasting   | 3 4 5 6 7 8 |  8.0
Transmutations | 3 4 5 7 8 9 10 | 10.1
Ice Magic      | 2 5 6 7 |  7.4
Invocations    | 1 4 5 7 |  7.1
Hexes          | 1 |  1.3
Summonings     | 3 4 |  4.0
Stealth        | 1 3 |  3.1
Shields        | 2 4 |  4.0
Earth Magic    | 1 10 11 | 11.0

Action                   |  1- 3 |  4- 6 |  7- 9 | 10-12 | 13-15 || total
-------------------------+-------+-------+-------+-------+-------++-------
Melee: Unarmed           |    97 |    30 |   297 |   653 |   911 ||  1988
       Constrict         |    24 |     7 |    35 |    51 |    49 ||   166
       Tentacles         |    14 |     6 |    29 |    66 |   114 ||   229
       Kick              |     5 |     4 |    32 |    88 |    51 ||   180
       Punch             |     2 |       |    10 |    26 |    63 ||   101
 Cast: Beastly Appendage |     7 |     2 |    21 |    30 |    15 ||    75
       Spider Form       |     1 |     1 |     8 |    20 |     6 ||    36
       Ice Form          |       |       |     9 |    29 |    32 ||    70
       Ozocubu's Armour  |       |       |       |     1 |       ||     1
       Confusing Touch   |       |       |       |    29 |    43 ||    72
       Summon Ice Beast  |       |       |       |       |     8 ||     8
       Blade Hands       |       |       |       |       |     1 ||     1
       Statue Form       |       |       |       |       |    11 ||    11
Invok: Heroism           |       |       |       |    12 |    21 ||    33
       Finesse           |       |       |       |     1 |     7 ||     8
Evoke: Wand              |       |       |       |     3 |    29 ||    32
  Use: Scroll            |       |     4 |     6 |    10 |     9 ||    29
       Potion            |       |       |     9 |     3 |     7 ||    19
 Stab: Sleeping          |     4 |       |    13 |    14 |     4 ||    35
       Distracted        |       |     1 |       |     1 |     1 ||     3
       Confused          |       |       |       |    18 |    42 ||    60
       Paralysed         |       |       |       |     5 |       ||     5
       Invisible         |       |       |       |       |     1 ||     1
       Petrified         |       |       |       |       |     3 ||     3
  Eat: Chunk             |     5 |     1 |    16 |    24 |    35 ||    81
       Ration            |       |       |     2 |     5 |     2 ||     9
Armor: Skin              |     9 |       |    29 |    55 |   170 ||   263
Dodge: Dodged            |    64 |     9 |   173 |   413 |   697 ||  1356
Block: Other             |       |       |     9 |    17 |       ||    26
       Reflection        |       |       |       |     3 |       ||     3
       Buckler           |       |       |       |     8 |   110 ||   118
